Map: Cerulean Fall LE

Players

Lambo - Winner!

  • Race: Zerg Zerg
  • League: Master
  • Spawn Location: 1:00

Ikebana

  • Race: Terran Terran
  • Spawn Location: 7:00

VOD

Have the link to the VOD?

Description

Time

  • Played on: Dec. 25, 2018, 12:44 p.m.
  • Length: 4:52
Show
View Real Time Build Order
Export as new Build Order

Lambo Zerg - Winner!

Build Orders: Hatch First 

Get SALT Encoding   

  12  0:02  Drone  
  13  0:13  Overlord  
  13  0:17  Drone  
  14  0:32  Drone x2  
  16  0:49  Hatchery  
  15  0:52  Drone  
  15  0:56  Drone  
  17  1:00  Drone  
  18  1:10  Extractor  
  17  1:14  Spawning Pool  
  16  1:20  Drone  
  16  1:23  Drone  
  19  1:29  Drone  
  20  1:58  Overlord  
  21  2:01  Zergling x6  
  21  2:02  Queen  
  21  2:06  Queen, Spine Crawler  
  26  2:16  Overlord  
  26  2:19  Zergling x2  
  25  2:48  Drone x2  
  25  2:49  Drone  
  26  2:53  Zergling x2  
  26  2:58  Zergling x2  
  26  3:03  Zergling x2  
  27  3:14  Spine Crawler  
  27  3:17  Queen  
  29  3:20  Drone  
  29  3:28  Spine Crawler  
  29  3:29  Zergling x2  
  29  3:38  Queen  
  31  3:44  Zergling x6  
  34  3:49  Zergling x2  
  34  3:53  Zergling x2  
  33  4:07  Zergling x4  
  35  4:16  Zergling x2  
  35  4:17  Zergling x4  
  25  4:32  Zergling x6  
Show
View Real Time Build Order
Export as new Build Order

Ikebana Terran 

Build Orders:  

Get SALT Encoding   

  12  0:00  SCV  
  13  0:15  Supply Depot  
  13  0:18  SCV  
  14  0:36  Barracks  
  14  0:50  Barracks  
  14  1:03  Barracks  
  14  1:08  SCV  
  15  1:23  Marine  
  16  1:28  Orbital Command  
  16  1:37  Marine  
  17  1:41  Marine  
  18  1:54  Marine, SCV  
  19  1:59  Marine  
  19  2:01  Marine  
  22  2:13  Supply Depot  
  23  2:16  Marine  
  23  2:21  Refinery  
  23  2:34  Marine  
  23  2:35  SCV  
  23  2:36  Supply Depot  
  25  2:41  Marine x2  
  26  2:47  SCV  
  27  2:52  Marine  
  27  2:59  Marine x2, SCV  
  30  3:10  Marine  
  30  3:11  SCV  
  32  3:17  Marine x2  
  34  3:24  SCV  
  35  3:28  Marine  
  36  3:35  Marine x2  
  38  3:46  Marine  
  39  3:56  Marine  
  39  3:57  Marine  
  37  4:03  Marine  
  37  4:14  Marine  
  37  4:15  Marine  
  30  4:21  Marine  
  23  4:31  SCV  
  24  4:32  Marine  
Tags
 
League
Master
Matchup
TvZ
Player
Lambo
Spawn Locations
Cross Positions
Add a new tag
Caveats
  • Supply blocks, unpowered buildings, or Contaminate may cause inaccurate times.
  • Supply counts are checked every 10 seconds.